 Dungeon Crawl Stone Soup version 0.25.0-1-g7eea58d (webtiles) character file.

Game seed: 15424116583539612711

304 GeorgeSoros the Conjurer (level 6, -1/32 HPs)
             Began as a Deep Elf Conjurer on June 24, 2020.
             Killed by nerve-wracking pain
             ... invoked by Grinder
              (9 damage)
             ... on level 4 of the Dungeon on June 25, 2020.
             The game lasted 00:19:07 (3528 turns).

GeorgeSoros the Conjurer (Deep Elf Conjurer)        Turns: 3528, Time: 00:19:07

Health: -1/32      AC:  5    Str:  5    XL:     6   Next: 15%
Magic:  0/12       EV: 15    Int: 22    God:
Gold:   177        SH:  0    Dex: 15    Spells: 3/11 levels left

rFire    . . .     SeeInvis .   h - +1 dagger (venom)
rCold    . . .     Gourm    .   (no shield)
rNeg     . . .     Faith    .   a - +0 robe
rPois    .         Spirit   +   (no helmet)
rElec    .         Reflect  .   (no cloak)
rCorr    .         Harm     .   (no gloves)
MR       .....                  b - +2 pair of boots
Stlth    ++........             l - amulet of guardian spirit
HPRegen  0.10/turn              (no ring)
MPRegen  0.13/turn              (no ring)

@: very slightly contaminated
A: no striking features
a: no special abilities


You were on level 4 of the Dungeon.
You were not hungry.

You visited 1 branch of the dungeon, and saw 4 of its levels.

You collected 177 gold pieces.

Inventory:

Hand Weapons
 f - a +0 dagger
 h - a +1 dagger of venom (weapon)
 k - a +2 dagger of distortion
Armour
 a - a +0 robe (worn)
 b - a +2 pair of boots (worn)
Jewellery
 l - an amulet of guardian spirit (around neck)
Scrolls
 e - 2 scrolls of remove curse
 o - a scroll of magic mapping
Potions
 d - a potion of brilliance
 i - a potion of lignification
 j - a potion of curing
 m - a potion of stabbing
 n - a potion of haste {unknown}
 p - a potion of ambrosia {unknown}
 q - a potion of heal wounds {unknown}
Comestibles
 c - 8 rations
 r - 2 chunks of flesh


   Skills:
 + Level 5.1 Dodging
 - Level 2.4 Stealth
 - Level 3.1 Spellcasting
 + Level 6.0 Conjurations
 + Level 3.4 Hexes
 + Level 0.6 Translocations


You had 3 spell levels left.
You knew the following spells:

 Your Spells              Type           Power        Failure   Level  Hunger
a - Magic Dart            Conj           ####         1%          1    None
b - Dazzling Flash        Conj/Hex       ###...       5%          3    ###....
c - Iskenderun's Mystic   Conj/Tloc      ###.....     30%         4    ####...

Your spell library contained the following spells:

 Spells                   Type           Power        Failure   Level  Hunger
 Searing Ray              Conj           ####..       1%          2    ##.....
 Fulminant Prism          Conj/Hex       ###.......   17%         4    ####...


Dungeon Overview and Level Annotations

Branches:
Dungeon (4/15)
 Temple: D:4-7

Altars:
Nemelex Xobeh

Annotations:
D:4 Grinder


Message History

Grinder is heavily wounded.
Casting: Magic Dart (safe; 1% risk of failure)
Confirm with . or Enter, or press ? or * to list all spells.
Aiming: Magic Dart (safe; 1% risk of failure)
Press: ? - help, Shift-Dir - straight line, f/p - Grinder
Aim: Grinder (heavily wounded)
The magic dart hits Grinder.
Grinder is severely wounded.
Casting: Magic Dart (safe; 1% risk of failure)
Confirm with . or Enter, or press ? or * to list all spells.
Aiming: Magic Dart (safe; 1% risk of failure)
Press: ? - help, Shift-Dir - straight line, f/p - Grinder
Aim: Grinder (severely wounded)
The magic dart hits Grinder.
Grinder is almost dead.
Grinder blinks!
There is a stone staircase leading up here.
Grinder gestures at you. Pain shoots through your body!
You die...

.....### #............#
.....# #............#
.....### #..).........#
.......# #...........##
.#.....## ##>..........#
........######..####......#
.#................##......#
.#..........5.............#
.###.###........@.........#
...................#......#
.###.###..........##......#
.##..# #..........####..#####
...(## #..........##.....#...
..(## #...........#..........
....###.#..###...#...........
.....##.#..# #..##...........
..........####..##.....<.....


You could see Grinder.

Vanquished Creatures
  A bullfrog (D:4)
  An orc priest (D:3)
  2 orc wizards
  2 worker ants (D:4)
  4 adders
  A worm (D:2)
  A dart slug (D:2)
  3 leopard geckos
  11 orcs
  5 bats
  3 giant cockroaches
  7 hobgoblins
  6 kobolds
  2 quokkas
  5 frilled lizards
  6 goblins
  8 rats
68 creatures vanquished.

Notes
Turn   | Place    | Note
-------+----------+-------------------------------------------
     0 | D:1      | GeorgeSoros the Deep Elf Conjurer began the quest for the
                  | Orb.
     0 | D:1      | Reached XP level 1. HP: 10/10 MP: 6/6
   230 | D:1      | Reached XP level 2. HP: 13/15 MP: 1/8
  1034 | D:2      | Reached skill level 5 in Conjurations
  1034 | D:2      | Reached XP level 3. HP: 19/19 MP: 4/9
  1221 | D:2      | Learned a level 3 spell: Dazzling Flash
  1329 | D:2      | Found a sparkling altar of Nemelex Xobeh.
  1949 | D:2      | Reached skill level 1 in Hexes
  1949 | D:2      | Reached XP level 4. HP: 13/24 MP: 6/10
  2347 | D:3      | Found a faded altar of an unknown god.
  2690 | D:3      | Reached XP level 5. HP: 27/28 MP: 3/11
  2959 | D:4      | Reached skill level 5 in Dodging
  2959 | D:4      | Reached skill level 6 in Conjurations
  2965 | D:4      | Learned a level 4 spell: Iskenderun's Mystic Blast
  3259 | D:4      | Reached XP level 6. HP: 32/32 MP: 5/12
  3477 | D:4      | Noticed Grinder
  3510 | D:4      | Paralysed by Grinder for 6 turns
  3528 | D:4      | Killed from afar by Grinder

Illustrated notes

Levels and vault maps discovered:
D:1:      elethiomel_arrival_maze, layout_basic
D:2:      layout_loops_ring, overflow_temple_1_default, first_ration
D:3:      layout_rooms, chequers_ecumenical_altar_simple
D:4:      layout_rooms, uniq_grinder

Skill      XL: |  1  2  3  4  5 |
---------------+----------------+-----
Dodging        | 3 4 5 |  5.1
Conjurations   | 5 6 |  6.0
Hexes          | 1 2 3 |  3.4
Stealth        | |  2.4
Spellcasting   | |  3.1
Translocations | |  0.6

Action                   |  1- 3 |  4- 6 || total
-------------------------+-------+-------++-------
Melee: Dagger            |    11 |    15 ||    26
 Cast: Magic Dart        |    80 |    75 ||   155
       Dazzling Flash    |       |     2 ||     2
  Use: Scroll            |    10 |     4 ||    14
 Stab: Invisible         |       |     1 ||     1
  Eat: Chunk             |     2 |     6 ||     8
Armor: Robe              |     5 |     2 ||     7
Dodge: Dodged            |     8 |    13 ||    21
